 Dungeon Crawl Stone Soup version 0.27.1-33-g824d729ab1 (webtiles) character file.

Game seed: 11368409050902964035

35 lonewolfV2 the Skirmisher (level 3, 0/29 HPs)
             Began as a Demonspawn Berserker on Dec 14, 2021.
             Was a Follower of Trog.
             Slain by a worm (9 damage)
             ... on level 2 of the Dungeon.
             The game lasted 00:01:45 (1631 turns).

lonewolfV2 the Skirmisher (Demonspawn Berserker)    Turns: 1631, Time: 00:01:45

Health: 0/29       AC:  3    Str: 18    XL:     3   Next: 16%
Magic:  3/3        EV: 12    Int:  8    God:    Trog [*.....]
Gold:   43         SH:  0    Dex: 12    Spells: 2/2 levels left

rFire    . . .     SeeInvis .   a - +0 hand axe
rCold    . . .     Faith    .   (no shield)
rNeg     . . .     Spirit   .   b - +1 animal skin
rPois    .         Reflect  .   (no helmet)
rElec    .         Harm     .   (no cloak)
rCorr    .         Rampage  .   (no gloves)
Will     .....                  (no boots)
Stlth    +.........             (no amulet)
HPRegen  0.09/turn              (no ring)
MPRegen  0.08/turn              (no ring)

@: no status effects
A: claws 2
a: Renounce Religion, Berserk


You were on level 2 of the Dungeon.
You worshipped Trog.
Trog was aware of your devotion.
You visited 1 branch of the dungeon, and saw 2 of its levels.

You collected 43 gold pieces.

Inventory:

Hand Weapons
 a - a +0 hand axe (weapon)
Armour
 b - a +1 animal skin (worn)
Potions
 c - 3 potions of might {unknown}
 d - 2 potions of berserk rage {unknown}


   Skills:
 + Level 3.3 Fighting
 + Level 3.3 Axes
 + Level 1.9 Armour
 + Level 2.1 Dodging


You had 2 spell levels left.
You didn't know any spells.
Your spell library was empty.

Dungeon Overview and Level Annotations

Branches:
Dungeon (2/15)

Altars:


Innate Abilities, Weirdness & Mutations

You have very sharp fingernails.


Message History

You feel stronger.
Your demonic ancestry asserts itself...
Your fingernails sharpen.
You feel sick.
You see here an adder corpse.
You feel sick.
You feel sick. The kobold closely misses you.
A hobgoblin comes into view.
You closely miss the kobold.
You feel sick.
You are no longer poisoned.
The kobold hits you with a +0 short sword.
The hobgoblin shouts!
You hit the kobold but do no damage.
You hear a shout!
The kobold closely misses you. The kobold barely misses you.
You hit the kobold.
You kill the kobold!
Trog accepts your kill.
A worm comes into view.
A hobgoblin comes into view.
The hobgoblin closely misses you.
Things that are here:
a +0 short sword; a +0 leather armour You see here an adder corpse.
You barely miss the hobgoblin. The hobgoblin closely misses you.
You slash the hobgoblin!
You kill the hobgoblin!
Trog accepts your kill.
You hit the worm but do no damage. You slash the worm!
The worm is heavily wounded.
The worm misses you.
You hit the worm.
The worm is heavily wounded.
The worm bites you!
* * * LOW HITPOINT WARNING * * *
You hit the worm.
The worm is severely wounded.
You hit the worm.
The worm is almost dead.
The worm bites you!
You die...

### #.. #.# #.#
#####.# #.†@wg#
#.####....... #.#
.###... #.# .#
##### ##.## .#
#...#######...###.#
#.#...............#
#...#######...#####
##.## ##.##


You could see a worm and a hobgoblin.

Vanquished Creatures
  An adder (D:2)
  A dart slug (D:1)
  A giant cockroach (D:1)
  A goblin (D:1)
  3 hobgoblins
  4 jackals (D:2)
  2 ball pythons (D:1)
  2 bats (D:1)
  4 frilled lizards (D:1)
  4 kobolds
  A rat (D:1)
24 creatures vanquished.

Notes
Turn   | Place    | Note
-------+----------+-------------------------------------------
     0 | D:1      | lonewolfV2 the Demonspawn Berserker began the quest for the
                  | Orb.
     0 | D:1      | Reached XP level 1. HP: 18/18 MP: 1/1
   193 | D:1      | Gained mutation: You have sharp fingernails. [demonic
                  | ancestry]
   193 | D:1      | Reached XP level 2. HP: 24/24 MP: 2/2
  1242 | D:2      | Found a faded altar of an unknown god.
  1614 | D:2      | Gained mutation: You have very sharp fingernails. [demonic
                  | ancestry]
  1614 | D:2      | Reached XP level 3. HP: 22/29 MP: 3/3
  1631 | D:2      | Slain by a worm

Illustrated notes

Levels and vault maps discovered:
D:1:      ebering_trefoil_twist, layout_basic, minmay_tetromino_s4
D:2:      layout_loops_ring, ebering_ecumenical_altar_ruins

Skill      XL: |  1  2 |
---------------+-------+-----
Axes           | 3 |  3.3
Dodging        | 2 |  2.1
Fighting       | |  3.3
Armour         | |  1.9

Action                   || total
-------------------------++-------
Melee: Hand axe          ||    92
  Use: Scroll            ||     2
Armor: Animal skin       ||    35
Dodge: Dodged            ||    70
